 Dungeon Crawl Stone Soup version 0.28.0-43-g3370ac3207 (webtiles) character file.

Game seed: 11691810631295577869

1490 pkoi the Cleaver (level 8, 0/70 HPs)
             Began as a Minotaur Gladiator on Mar 16, 2022.
             Was an Initiate of Gozag.
             Slain by an orc warrior
             ... wielding a +0 mace
              (14 damage)
             ... on level 8 of the Dungeon.
             The game lasted 00:06:05 (5570 turns).

pkoi the Cleaver (Minotaur Gladiator)               Turns: 5570, Time: 00:06:05

Health: 0/70       AC: 11    Str: 27    XL:     8   Next: 51%
Magic:  7/7        EV: 12    Int:  5    God:    Gozag
Gold:   293        SH:  0    Dex: 12    Spells: 7/7 levels left

rFire   + . .      SeeInvis .   a - +1 war axe
rCold   . . .      Faith    .   (no shield)
rNeg    . . .      Spirit   .   t - +0 leather armour {rF+}
rPois   .          Reflect  .   c - +0 hat
rElec   .          Harm     .   m - +0 cloak
rCorr   .          Rampage  .   (no gloves)
Will    .....                   y - +1 pair of boots
Stlth   +.........              (no amulet)
HPRegen 0.21/turn               k - +6 ring of strength
MPRegen 0.10/turn               s - +4 ring of protection

@: slowed, very slow
A: horns 2, retaliatory headbutt
a: Renounce Religion, Potion Petition, Call Merchant, Bribe Branch


You were on level 8 of the Dungeon.
You worshipped Gozag.
Gozag was aware of your devotion.
You visited 2 branches of the dungeon, and saw 9 of its levels.
You also visited: Ossuary.

You collected 379 gold pieces.
You paid 86 gold pieces to Gozag.

Inventory:

Hand Weapons
 a - a +1 war axe (weapon)
Missiles
 d - 3 throwing nets (quivered)
Armour
 c - a +0 hat (worn)
 m - a +0 cloak (worn)
 t - a +0 leather armour of fire resistance (worn)
 y - a +1 pair of boots (worn)
Jewellery
 k - a +6 ring of strength (left hand)
 n - a ring of protection from cold
 r - a +6 ring of intelligence
 s - a +4 ring of protection (right hand)
Wands
 g - a wand of digging (5)
 A - a wand of iceblast (10)
 B - a wand of paralysis (7)
Scrolls
 b - a scroll of vulnerability {unknown}
 i - a scroll of acquirement {unknown}
Potions
 e - 3 potions of cancellation {unknown}
 f - 2 potions of attraction {unknown}
 h - 2 potions of flight {unknown}
 j - 2 potions of mutation {unknown}
 l - a potion of magic
 o - 4 potions of curing
 p - a potion of ambrosia {unknown}
 q - 2 potions of heal wounds {unknown}
 u - a potion of berserk rage {unknown}
 v - 3 potions of invisibility {unknown}
 w - a potion of haste {unknown}
 x - a potion of degeneration {unknown}
 z - a potion of lignification {unknown}
Miscellaneous
 C - a condenser vane


   Skills:
 + Level 5.7 Fighting
 + Level 9.7 Axes
 - Level 2.0 Throwing
 + Level 4.9 Armour
 - Level 3.2 Dodging
 * Level 3.7 Evocations


You had 7 spell levels left.
You didn't know any spells.
Your spell library contained the following spells:

 Spells                   Type           Power      Damage    Failure   Level
 Animate Skeleton         Necr           0%         N/A       52%         1
 Apportation              Tloc           0%         N/A       52%         1
 Summon Small Mammal      Summ           0%         N/A       52%         1
 Ensorcelled Hibernation  Hex/Ice        0%         N/A       65%         2
 Static Discharge         Conj/Air       0%         N/A       65%         2
 Sublimation of Blood     Necr           0%         N/A       65%         2
 Dazzling Flash           Conj/Hex       0%         N/A       87%         3
 Spider Form              Tmut/Pois      0%         N/A       87%         3
 Anguish                  Hex/Necr       0%         N/A       99%         4
 Animate Dead             Necr           0%         N/A       99%         4
 Dispel Undead            Necr           0%         3d6       99%         4
 Iskenderun's Mystic Bla  Conj/Tloc      0%         2d3       99%         4
 Petrify                  Tmut/Erth      0%         N/A       99%         4
 Sticky Flame             Conj/Fire      0%         2d3       99%         4
 Irradiate                Conj/Tmut      0%         3d14      100%        5
 Starburst                Conj/Fire      0%         6d3       100%        6
 Haunt                    Necr/Summ      0%         N/A       100%        7
 Infestation              Necr           0%         N/A       100%        8


Dungeon Overview and Level Annotations

Branches:
Dungeon (9/15)             Temple (1/1) D:5         Ossuary (visited)
   Lair: D:8-11         Orc: D:9-12

Altars:
Ashenzari
Cheibriados
Dithmenos
Elyvilon
Fedhas
Gozag
Hepliaklqana
Kikubaaqudgha
Makhleb
Nemelex Xobeh
Okawaru
Qazlal
Ru
Sif Muna
Trog
Uskayaw
Wu Jian
Xom
Yredelemnul
Zin
The Shining One

Shops:
D:1 (   D:6 :

Annotations:
D:4 3 runed translucent doors, RascalDebosk's ghost, amateur GnWn; WaxSun's ghost, amateur OgFE


Innate Abilities, Weirdness & Mutations

You have a pair of horns on your head.
You reflexively headbutt those who attack you in melee.


Message History

The orc warrior shouts!
An orc warrior is nearby!
A cyclops comes into view.
A kobold brigand comes into view.
It is wielding a +0 short sword and quivering curare-tipped darts.
The kobold brigand shouts!
The kobold brigand throws a curare-tipped dart.
The curare-tipped dart hits you.
You are poisoned.
You have difficulty breathing.
You feel yourself slow down.
You feel very sick.
You feel very sick.
The kobold brigand throws a curare-tipped dart.
The curare-tipped dart hits you.
You are more poisoned.
You have difficulty breathing.
* * * LOW HITPOINT WARNING * * *
You feel as though you will be slow longer.
The cyclops throws a large rock.
The large rock hits you!!
* * * LOW HITPOINT WARNING * * *
A steam dragon comes into view.
* * * LOW HITPOINT WARNING * * *
You feel extremely sick.
A kobold brigand comes into view.
It is wielding a +0 short sword and quivering poisoned darts.
* * * LOW HITPOINT WARNING * * *
You feel extremely sick.
Okay, then.
Okay, then.
It was a potion of curing.
You feel better.
There is a stone staircase leading up here.
The orc warrior closely misses you.
The orc warrior hits you but does no damage.
You climb upwards.
The white imp shouts!
You hear a shout! x2
Found 17 stones.
There is a stone staircase leading down here.
You closely miss the orc warrior.
You headbutt the orc warrior, but do no damage.
The orc warrior hits you with a +0 mace!
You die...
Your body crumbles into a pile of gold.

#..... .....
#...##### ##
#.......#
#........(
##..#....
#......####..
#....@.......
#....o.#####5
#......#
#.......
#.......#
#........
##.......#
#.......#


You could see an orc warrior and a white imp.

Vanquished Creatures
  Eustachio (D:4)
  A water moccasin (D:5)
  3 black bears
  An ogre (D:6)
  3 water moccasin zombies (Ossuary)
  A scorpion (D:6)
  A water moccasin skeleton (D:6)
  A howler monkey (D:5)
  A centaur zombie (D:5)
  3 hounds
  Crazy Yiuf (D:2)
  2 orc priests (D:5)
  A bullfrog skeleton (D:6)
  3 iguanas
  4 orc wizards
  2 mummies (Ossuary)
  3 gnolls (D:5)
  An adder (D:5)
  5 adder zombies (Ossuary)
  2 worms
  A dart slug (D:1)
  8 orcs
  6 endoplasms
  2 giant cockroaches
  6 gnoll zombies (Ossuary)
  4 goblins
  5 hobgoblins
  4 jackals (D:1)
  4 kobolds
  A quokka (D:3)
  A ball python (D:1)
  5 bats
  3 frilled lizards
  8 hobgoblin zombies (Ossuary)
  5 kobold zombies (Ossuary)
  2 orc zombies (Ossuary)
  4 rats
109 creatures vanquished.

Vanquished Creatures (others)
  A demonic plant (D:1)
  3 plants (D:1)
  7 withered plants
11 creatures vanquished.

Grand Total: 120 creatures vanquished

Notes
Turn   | Place    | Note
-------+----------+-------------------------------------------
     0 | D:1      | pkoi the Minotaur Gladiator began the quest for the Orb.
     0 | D:1      | Reached XP level 1. HP: 18/18 MP: 0/0
   112 | D:1      | Found a faded altar of an unknown god.
   119 | D:1      | Reached skill level 4 in Axes
   368 | D:1      | Found Eleuc's Weapon Shoppe.
   433 | D:1      | Reached XP level 2. HP: 17/25 MP: 1/1
  1052 | D:1      | Reached skill level 5 in Axes
  1266 | D:2      | Found a runed translucent door.
  1267 | D:2      | Noticed Crazy Yiuf
  1299 | D:2      | Reached XP level 3. HP: 23/30 MP: 2/2
  1894 | D:2      | Killed Crazy Yiuf
  2097 | D:3      | Reached skill level 6 in Axes
  2097 | D:3      | Reached XP level 4. HP: 37/37 MP: 3/3
  2630 | D:4      | Noticed Eustachio
  2641 | D:4      | Killed Eustachio
  2642 | D:4      | Reached skill level 8 in Axes
  2642 | D:4      | Reached XP level 5. HP: 21/42 MP: 4/4
  2642 | D:4      | Reached XP level 6. HP: 25/50 MP: 5/5
  2708 | D:4      | Found a sand-covered staircase.
  2717 | Ossuary  | Entered an ossuary
  2853 | Ossuary  | Reached skill level 1 in Armour
  2884 | Ossuary  | Reached skill level 1 in Evocations
  3236 | D:4      | Reached XP level 7. HP: 47/57 MP: 6/6
  3360 | D:4      | Found a runed translucent gate.
  3367 | D:4      | Found a runed translucent gate.
  3367 | D:4      | Found a runed translucent gate.
  3367 | D:4      | Noticed WaxSun's ghost (amateur OgFE)
  3367 | D:4      | Noticed RascalDebosk's ghost (amateur GnWn)
  3669 | D:5      | Entered Level 5 of the Dungeon
  3931 | D:5      | Reached skill level 9 in Axes
  4300 | D:5      | Found a staircase to the Ecumenical Temple.
  4421 | Temple   | Entered the Ecumenical Temple
  4742 | Temple   | Became a worshipper of Gozag Ym Sagoz the Greedy
  4882 | D:5      | Reached XP level 8. HP: 57/67 MP: 7/7
  5044 | D:5      | Reached skill level 5 in Fighting
  5288 | D:6      | Found Vural's Book Boutique.
  5350 | D:6      | You fall into a shaft and drop 3 floors!
  5559 | D:9      | Noticed a cyclops
  5564 | D:9      | HP: 2/70 [poisoned by a kobold brigand (curare-tipped
                  | dart)]
  5570 | D:8      | Slain by an orc warrior

Illustrated notes

Levels and vault maps discovered:
D:1:      matt_arrival_diagonals, layout_rooms, shapermc_ecumenical_altar_gd,
          serial_shops, shop, hangedman_decor_slide_cut,
          ebering_dispersal_statue_hall
D:2:      layout_basic, uniq_crazy_yiuf_cottage
D:3:      layout_rooms
D:4:      layout_basic, nicolae_ossuary_entry_monument,
          gammafunk_ghost_cemetery, uniq_eustachio
D:5:      layout_gridville, temple_pool_b
D:6:      layout_cave_pools, serial_shops, shop, nicolae_stop_n_shop_1
D:8:      gammafunk_steamed_eel, layout_basic, uniq_maurice
D:9:      layout_stronghold, dpeg_lair_monsters, minmay_ruined_shrine
Temple:   mainiacjoe_temple_circle_huts

Skill      XL: |  1  2  3  4  5  6  7  8 |
---------------+-------------------------+-----
Axes           | 4 5 6 8 9 |  9.7
Armour         | 2 3 4 |  4.9
Evocations     | 1 2 3 |  3.7
Fighting       | 3 4 5 |  5.7
Throwing       | |  2.0
Dodging        | |  3.2

Action                   |  1- 3 |  4- 6 |  7- 9 || total
-------------------------+-------+-------+-------++-------
Melee: War axe           |    63 |    88 |    87 ||   238
       Headbutt          |     8 |    15 |    19 ||    42
       Punch             |       |       |     1 ||     1
Evoke: Wand              |       |     1 |       ||     1
  Use: Scroll            |       |     4 |       ||     4
       Potion            |       |       |     1 ||     1
 Stab: Sleeping          |       |     1 |       ||     1
Armor: Leather armour    |    21 |    28 |    41 ||    90
Dodge: Dodged            |    44 |    55 |    55 ||   154
